 Dungeon Crawl Stone Soup version 0.16.1-18-g436b03c (webtiles) character file.

2185 Yurihasu the Cleaver (level 9, -5/63 HPs)
             Began as a Human Chaos Knight on May 1, 2015.
             Slain by Joseph the blink frog (24 damage)
             ... on level 7 of the Dungeon.
             The game lasted 01:19:00 (8053 turns).

Yurihasu the Cleaver (Human Chaos Knight)           Turns: 8053, Time: 01:19:00

Health: -5/63      AC: 13    Str: 13    XL:     9   Next: 59%
Magic:  9/9        EV:  9    Int: 14    God:    Xom [*.....]
Gold:   438        SH:  0    Dex: 14    Spells: 0 memorised, 8 levels left

rFire  + . .     SeeInvis .     a - +2 hand axe (chaos)
rCold  . . .     Clarity  .     r - +3 scale mail {rF+}
rNeg   . . .     SustAb   .     (no shield)
rPois  +         Gourm    .     g - +0 helmet
rElec  .         Spirit   .     (no cloak)
rCorr  .         Warding  .     o - +0 pair of gloves
rMut   .         Stasis   .     D - +0 pair of boots
MR     .....                    (no amulet)
Stlth  ..........               G - ring of poison resistance
                                q - +2 ring of slaying

@: not resistant to hostile enchantments, extremely unstealthy
A: no striking features
a: Renounce Religion


You were on level 7 of the Dungeon.
You worshipped Xom.
You were a special plaything of Xom.
You were not hungry.

You visited 1 branch of the dungeon, and saw 7 of its levels.
You also visited: Sewer.

You collected 438 gold pieces.

Inventory:

Hand weapons
 a - a +2 hand axe of chaos (weapon)
Armour
 g - a +0 helmet (worn)
 o - a +0 pair of gloves (worn)
 r - a +3 scale mail of fire resistance (worn)
 C - a +1 ring mail of cold resistance
 D - a +0 pair of boots (worn)
Jewellery
 n - an uncursed ring of teleport control
 q - a +2 ring of slaying (left hand)
 A - an uncursed ring of fire
 G - a ring of poison resistance (right hand)
Magical devices
 i - a wand of enslavement (20)
 x - a wand of lightning (5)
 I - a wand of paralysis (12)
Scrolls
 e - a scroll of fog
 s - a scroll of remove curse
 u - a scroll of immolation
 y - a scroll of recharging
 B - a scroll of amnesia {unknown}
 E - a scroll of noise {unknown}
Potions
 b - 2 potions of restore abilities {unknown}
 d - 6 potions of brilliance
 f - 2 potions of lignification
 h - a potion of agility {unknown}
 m - 10 potions of curing
 p - a potion of might {unknown}
 t - 2 potions of flight
 v - a potion of haste
 w - a potion of cancellation {unknown}
 H - 2 potions of poison {unknown}
Books
 l - a book of the Warp

   Spells                             Type                      Level
   a - Recall                         Summoning/Translocation      3
   b - Control Teleport               Charms/Translocation         4
   c - Force Lance                    Conjuration/Translocation    4
   d - Phase Shift                    Translocation                5
   e - Warp Weapon                    Charms/Translocation         5
   f - Gell's Gravitas                Hexes/Translocation          5
   g - Summon Forest                  Summoning/Translocation      5
 z - a book of Death

   Spells                             Type                      Level
   a - Corpse Rot                     Necromancy                   2
   b - Sublimation of Blood           Necromancy                   2
   c - Agony                          Necromancy                   5
   d - Dispel Undead                  Necromancy                   5
   e - Excruciating Wounds            Charms/Necromancy            5
   f - Bolt of Draining               Conjuration/Necromancy       5
Comestibles
 c - 2 bread rations
 j - 7 fruits
 F - a meat ration


   Skills:
 - Level 3.0 Fighting
 - Level 12.0 Axes
 + Level 2.6 Armour
 - Level 1.0 Dodging


You had 8 spell levels left.
You didn't know any spells.

Dungeon Overview and Level Annotations

Branches:
Dungeon (7/15)             Temple (0/1) D:5

Altars:
Nemelex Xobeh
Okawaru
Qazlal
Ru
Trog
The Shining One

Annotations:
D:3 Sigmund
D:7 Joseph


Message History

"This might be better!"
Joseph seems to speed up.
Joseph misses you.
A bat comes into view.
Joseph momentarily phases out as your attack passes through it.
Joseph is moderately wounded.
Joseph barely misses you. Joseph hits you but does no damage.
Joseph momentarily phases out as your attack passes through it.
Joseph is moderately wounded.
The bat misses your butterfly. Joseph hits you!
* * * LOW HITPOINT WARNING * * *
You feel much better.
The bat completely misses your butterfly.
Joseph hits you!
The bat completely misses your butterfly.
Joseph hits you but does no damage.
Joseph momentarily phases out as your attack passes through it.
Joseph is moderately wounded.
The bat closely misses your butterfly. Joseph hits you!!
You die...
Xom titters!

### #. #.# ##. #.#
###.. ##.# ......##
##..#
##...b..#######.>.##
#....b.............##
.....bb.F...........#
#.b..@...........##
#...bb.b..((..(.(.####
#..b#.########.(....#.
#...### ######...
#.... #### #.... #....
..#.. .##.


You could see Joseph the blink frog (berserk) and a bat.

Vanquished Creatures
  A water moccasin (D:6)
  2 orc warriors
  A sky beast (D:7)
  An ice beast (D:6)
  2 phantoms (D:5)
  4 giant frogs
  3 scorpions
  3 crimson imps (D:5)
  A giant frog zombie (D:6)
  4 hounds
  A jelly (D:6)
  A centaur zombie (D:5)
  2 orc priests
  5 orc wizards
  An iguana (D:4)
  2 worker ants (D:4)
  A sheep (D:7)
  A hound skeleton (D:5)
  A hound zombie (D:5)
  Terence (D:3)
  Robin (D:3)
  7 river rats (Sewer)
  14 adders
  A gnoll (D:4)
  A shadow imp (D:6)
  2 worms (D:5)
  An adder zombie (D:6)
  2 oozes
  16 orcs
  8 ball pythons
  13 bats
  A bat skeleton (D:5)
  7 giant cockroaches
  25 goblins
  13 hobgoblins
  27 kobolds
  4 quokkas
  11 giant geckos
  6 giant newts
  12 jackals
  28 rats
  A plant (D:1)
239 creatures vanquished.

Vanquished Creatures (collateral kills)
  An adder (Sewer)
  A goblin (D:3)
  2 rats (Sewer)
4 creatures vanquished.

Vanquished Creatures (others)
  2 jackals (D:2)
  A goblin zombie (D:3)
  An orc zombie (D:3)
4 creatures vanquished.

Grand Total: 247 creatures vanquished

Notes
Turn   | Place    | Note
--------------------------------------------------------------
     0 | D:1      | Yurihasu, the Human Chaos Knight, began the quest for the Orb.
     0 | D:1      | Reached XP level 1. HP: 18/18 MP: 1/1
    53 | D:1      | XOM: harmless Erth miscast
   112 | D:1      | XOM: divination: magic mapping
   241 | D:1      | Reached XP level 2. HP: 24/24 MP: 2/2
   330 | D:1      | XOM: divination: magic mapping
   399 | D:1      | XOM: divination: detect items
   494 | D:1      | Reached XP level 3. HP: 26/29 MP: 3/3
   500 | D:1      | Reached skill level 4 in Axes
   609 | D:1      | XOM: confuse monster(s)
   618 | D:1      | XOM: silly message
   761 | D:1      | XOM: smoke on damage
   895 | D:1      | XOM: mild Hex miscast
  1126 | D:1      | XOM: divination: detect creatures
  1664 | D:2      | Reached XP level 4. HP: 33/35 MP: 4/4
  1768 | D:2      | Found a glowing golden altar of the Shining One.
  1855 | D:2      | XOM: divination: detect creatures
  2319 | D:3      | XOM: harmless Summ miscast
  2366 | D:3      | Noticed Terence
  2386 | D:3      | Killed Terence
  2386 | D:3      | Reached skill level 5 in Axes
  2548 | D:3      | XOM: divination: detect items
  2624 | D:3      | Found a sparkling altar of Nemelex Xobeh.
  2635 | D:3      | Reached XP level 5. HP: 41/41 MP: 5/5
  2737 | D:3      | XOM: harmless Tloc miscast
  2871 | D:3      | Noticed Robin
  2926 | D:3      | Killed Robin
  3134 | D:3      | XOM: divination: detect creatures
  3271 | D:3      | Reached skill level 6 in Axes
  3301 | D:3      | Noticed Sigmund
  3339 | D:4      | Reached XP level 6. HP: 44/47 MP: 6/6
  3356 | D:4      | Found a glowing drain.
  3374 | Sewer    | Entered a sewer
  3417 | Sewer    | XOM: 3-stop teleportation journey
  3454 | Sewer    | XOM: god gift: leatherbound book {god gift}
  3757 | Sewer    | Reached skill level 7 in Axes
  3843 | Sewer    | XOM: divination: magic mapping
  4275 | D:4      | Reached XP level 7. HP: 48/52 MP: 7/7
  4603 | D:4      | Found a sacrificial altar of Ru.
  4765 | D:4      | XOM: mild Tloc miscast
  4972 | D:4      | XOM: divination: detect creatures
  5003 | D:4      | XOM: harmless Tloc miscast
  5249 | D:5      | Entered Level 5 of the Dungeon
  5359 | D:5      | XOM: divination: detect items
  5445 | D:5      | Found a staircase to the Ecumenical Temple.
  5445 | D:5      | XOM: divination: detect creatures
  5482 | D:5      | Reached skill level 8 in Axes
  5508 | D:5      | XOM: divination: magic mapping
  5628 | D:5      | Reached XP level 8. HP: 49/58 MP: 8/8
  5703 | D:5      | XOM: mild Ice miscast
  5720 | D:5      | Reached skill level 9 in Axes
  5865 | D:5      | XOM: divination: detect creatures
  5918 | D:5      | XOM: silly message
  6014 | D:5      | XOM: silly message
  6130 | D:5      | XOM: silly message
  6287 | D:6      | Reached skill level 10 in Axes
  6334 | D:6      | XOM: medium Trmt miscast
  6519 | D:6      | XOM: silly message
  6577 | D:6      | Found an iron altar of Okawaru.
  6654 | D:6      | Reached XP level 9. HP: 41/63 MP: 9/9
  6686 | D:6      | XOM: divination: magic mapping
  6837 | D:6      | XOM: mild Hex miscast
  6863 | D:6      | XOM: harmless Conj miscast
  6884 | D:6      | Reached skill level 11 in Axes
  6896 | D:6      | XOM: divination: detect creatures
  7381 | D:7      | Found a stormy altar of Qazlal.
  7416 | D:7      | Found a bloodstained altar of Trog.
  7523 | D:7      | XOM: mild Erth miscast
  7763 | D:7      | XOM: harmless Air miscast
  7802 | D:7      | Reached skill level 12 in Axes
  7837 | D:7      | XOM: confuse monster(s)
  7857 | D:7      | XOM: enchant monster (good)
  7976 | D:7      | Noticed Joseph
  7993 | D:7      | XOM: enchant monster (good)
  8028 | D:7      | XOM: enchant monster (bad)
  8032 | D:7      | XOM: medium Trmt miscast
  8040 | D:7      | Noticed Joseph
  8040 | D:7      | Joseph changed into Joseph the blink frog
  8043 | D:7      | XOM: mild Hex miscast
  8049 | D:7      | XOM: enchant monster (bad)
  8053 | D:7      | Slain by Joseph the blink frog

Action                   |  1- 3 |  4- 6 |  7- 9 || total
-------------------------+-------+-------+-------++-------
Melee: Hand axe          |   136 |   240 |   416 ||   792
 Abil: Evoke Teleport Co |       |       |     1 ||     1
  Use: Scroll            |     1 |     6 |     7 ||    14
       Potion            |       |     4 |     5 ||     9
 Stab: Confused          |     1 |       |     2 ||     3
       Paralysed         |       |     4 |     6 ||    10
       Petrified         |       |       |     6 ||     6
       Petrifying        |       |       |     2 ||     2
  Eat: Chunk             |     2 |     4 |     7 ||    13
       Meat ration       |       |     1 |       ||     1
       Bread ration      |       |       |     1 ||     1
       Beef jerky        |       |       |     1 ||     1
